 Dungeon Crawl Stone Soup version 0.29-a0-841-g116ddc6ace (webtiles) character file.

Game seed: 18147602816071969259

13668 kevlar127 the Grappler (level 11, -3/117 HPs)
             Began as a Troll Berserker on July 14, 2022.
             Was an Elder of Trog.
             Succumbed to Sonja's poison
             ... on level 12 of the Dungeon.
             The game lasted 00:29:32 (10638 turns).

kevlar127 the Grappler (Troll Berserker)           Turns: 10638, Time: 00:29:33

Health: -3/117     AC: 13    Str: 31    XL:     11   Next: 78%
Magic:  10/10      EV: 10    Int:  3    God:    Trog [****..]
Gold:   420        SH:  5    Dex:  9    Spells: 10/10 levels left

rFire   . . .      SeeInvis .     - Unarmed
rCold   + . .      Faith    .   (no shield)
rNeg    . . .      Spirit   .   F - +0 steam dragon scales
rPois   .          Reflect  +   (helmet restricted)
rElec   .          Harm     .   E - +0 cloak
rCorr   .          Rampage  .   (gloves unavailable)
Will    ++...                   (boots unavailable)
Stlth   +.........              M - amulet of reflection
HPRegen 2.09/turn               q - +4 ring of protection
MPRegen 0.12/turn               t - ring of protection from cold

@: lethally poisoned (-3 -> -9), strong-willed, regenerating, slowed, very slow
A: large, unfitting armour, claws 3, regeneration 1, shaggy fur 1, tough skin 1
a: Renounce Religion, Berserk, Trog's Hand, Brothers in Arms


You were on level 12 of the Dungeon.
You worshipped Trog.
Trog was greatly pleased with you.
You visited 1 branch of the dungeon, and saw 12 of its levels.

You collected 692 gold pieces.
You spent 272 gold pieces at shops.

Inventory:

Missiles
 f - 125 stones
 h - 4 throwing nets
 s - 7 boomerangs
 x - 31 poisoned darts
 y - 5 large rocks
 D - a javelin (quivered)
 I - 3 curare-tipped darts
Armour
 E - a +0 cloak (worn)
 F - +0 steam dragon scales (worn)
Jewellery
 q - a +4 ring of protection (left claw)
 t - a ring of protection from cold (right claw)
 B - an amulet of guardian spirit
 M - an amulet of reflection (around neck)
Wands
 o - a wand of paralysis (5)
 K - a wand of iceblast (2)
Scrolls
 c - 6 scrolls of amnesia {unknown}
 e - 3 scrolls of poison {unknown}
 g - a scroll of vulnerability {unknown}
 j - 9 scrolls of identify
 k - 5 scrolls of enchant armour {unknown}
 l - 2 scrolls of immolation
 v - a scroll of enchant weapon {unknown}
 w - 3 scrolls of fog {unknown}
 z - 6 scrolls of teleportation
 A - 2 scrolls of magic mapping {unknown}
 G - a scroll of noise {unknown}
 L - 2 scrolls of fear {unknown}
 O - a scroll of blinking {unknown}
Potions
 a - 2 potions of lignification
 b - a potion of invisibility {unknown}
 d - 5 potions of brilliance
 i - 2 potions of might {unknown}
 m - 2 potions of heal wounds {unknown}
 n - 2 potions of berserk rage {unknown}
 p - 2 potions of mutation
 r - 2 potions of cancellation {unknown}
 u - a potion of haste {unknown}
 C - 2 potions of curing {unknown}
 H - a potion of attraction {unknown}
 J - a potion of ambrosia {unknown}
 N - 2 potions of degeneration
Miscellaneous
 P - a condenser vane


   Skills:
 + Level 9.9 Fighting
 + Level 8.0 Throwing
 - Level 5.0 Armour
 - Level 3.0 Dodging
 + Level 11.6 Unarmed Combat


You had 10 spell levels left.
You didn't know any spells.
Your spell library was empty.

Dungeon Overview and Level Annotations

Branches:
Dungeon (12/15)            Temple (0/1) D:6            Lair (0/6) D:8
    Orc: D:9-12

Altars:
Dithmenos
Elyvilon
Hepliaklqana
Kikubaaqudgha
Okawaru
Sif Muna
Yredelemnul
The Shining One

Shops:
D:11 !

Annotations:
D:12 Sonja


Innate Abilities, Weirdness & Mutations

You are too large for most types of armour.
You have claws for hands.
Your natural rate of healing is unusually fast.
You are covered in fur. (AC +1)
You have tough skin. (AC +1)


Message History

You feel very sick.
Sonja throws a curare-tipped dart.
The curare-tipped dart barely misses you.
The deep elf pyromancer mumbles some strange words.
The deep elf pyromancer blinks!
You block the fire elemental's attack. The fire elemental hits you.
The fire elemental burns you!
Sonja mumbles some strange words.
Sonja blinks!
Sonja attacks as you move away! Sonja hits you but does no damage.
You are more poisoned.
Sonja closely misses you. Sonja hits you but does no damage.
You are more poisoned.
Your surroundings seem slightly different.
You feel extremely sick.
Sonja shouts, "Too slow!"
The fire elemental closely misses you.
You feel very sick.
You block the fire elemental's attack. x2
You feel very sick. You block the fire elemental's attack.
The fire elemental hits you. The fire elemental burns you!
* * * LOW HITPOINT WARNING * * *
Sonja hits you but does no damage. Sonja closely misses you.
Sonja hits you but does no damage.
You are more poisoned.
There is an open door here.
Sonja attacks as you move away!
Sonja hits you with a +0 short sword of venom.
* * * LOW HITPOINT WARNING * * *
You are more poisoned.
You block Sonja's attack.
Sonja hits you with a +0 short sword of venom.
* * * LOW HITPOINT WARNING * * *
You feel extremely sick.
The deep elf pyromancer points at you and mumbles some strange words.
The bolt of fire misses the fire elemental.
The bolt of fire hits you!!
* * * LOW HITPOINT WARNING * * *
The fire elemental barely misses you.
You die...

#####≈.≈≈≈.....#
#.#......≈≈≈.....#
#.#.#≈#≈≈≈≈≈.....#
#.#.≈≈≈≈≈≈≈≈.....#
#.#.≈≈≈≈≈≈≈≈)....#
#.≈.≈≈≈≈≈≈≈≈≈#####
..###.≈.≈≈≈≈≈≈≈≈##
......≈.≈≈≈≈≈####
#...###@§≈≈≈####
................
#########E#≈#....#
#.......°EK......+
#......°.........#
#......e.........
#............####
#......[.....#
'............#


You could see a deep elf pyromancer, 2 fire elementals and Sonja.

Vanquished Creatures
  The ghost of zhov the Impaler, a journeyman DsFi of Gozag (D:11)
  A boulder beetle (D:12)
  A centaur warrior (D:11)
  A two-headed ogre (D:11)
  Pikel (D:6)
  A manticore (D:11)
  A gargoyle (D:9)
  An unseen horror (D:10)
  A merfolk (shapeshifter) (D:11)
  2 trolls
  A hornet (D:9)
  A wraith (D:11)
  Sigmund (D:3)
  A shadow (D:11)
  13 yaks
  Grum (D:8)
  A wyvern (D:7)
  2 steam dragons (D:8)
  2 vampire mosquitoes (D:11)
  A water moccasin (D:8)
  8 orc warriors
  An ice beast (D:8)
  A black bear (D:5)
  4 ogres
  A sky beast (D:8)
  3 wolves (D:8)
  10 centaurs
  3 lemures (D:6)
  6 kobold brigands
  4 bullfrogs (D:8)
  5 scorpions
  2 gnoll sergeants
  2 necrophages (D:5)
  10 wights
  4 electric eels
  A howler monkey (D:7)
  6 orc priests
  A jelly (D:6)
  5 hounds
  Crazy Yiuf (D:6)
  3 gnoll boudas
  Jessica (D:3)
  2 iguanas
  15 orc wizards
  16 gnolls
  7 adders
  A shadow imp (D:8)
  2 white imps
  An ufetubus (D:5)
  5 worms
  2 dart slugs
  35 orcs
  3 endoplasms
  2 giant cockroaches
  10 hobgoblins
  2 jackals (D:2)
  36 kobolds
  4 quokkas
  6 ball pythons
  3 bats
  6 frilled lizards
  12 goblins
  8 rats
295 creatures vanquished.

Vanquished Creatures (collateral kills)
  Menkaure (D:6)
1 creature vanquished.

Vanquished Creatures (others)
  A howler monkey (D:7)
  3 gnolls (D:7)
4 creatures vanquished.

Grand Total: 300 creatures vanquished

Notes
Turn   | Place    | Note
-------+----------+-------------------------------------------
     0 | D:1      | kevlar127 the Troll Berserker began the quest for the Orb.
     0 | D:1      | Reached XP level 1. HP: 22/22 MP: 0/0
   106 | D:1      | Reached XP level 2. HP: 24/29 MP: 1/1
   764 | D:2      | Reached XP level 3. HP: 36/36 MP: 2/2
   795 | D:2      | Reached ** piety under Trog
   878 | D:2      | Reached XP level 4. HP: 22/45 MP: 3/3
   883 | D:2      | Reached skill level 4 in Unarmed Combat
  1470 | D:2      | Found a faded altar of an unknown god.
  1557 | D:3      | Found a glowing golden altar of the Shining One.
  1640 | D:3      | Noticed Sigmund
  1663 | D:3      | Killed Sigmund
  1664 | D:3      | Reached skill level 5 in Unarmed Combat
  1664 | D:3      | Reached XP level 5. HP: 7/54 MP: 4/4
  1664 | D:3      | Reached XP level 6. HP: 8/62 MP: 5/5
  2105 | D:3      | Noticed Jessica
  2116 | D:3      | Killed Jessica
  2339 | D:4      | Reached *** piety under Trog
  2707 | D:4      | Reached XP level 7. HP: 71/71 MP: 6/6
  2790 | D:4      | Reached skill level 5 in Fighting
  2790 | D:4      | Reached skill level 6 in Unarmed Combat
  2909 | D:5      | Entered Level 5 of the Dungeon
  3017 | D:5      | Reached skill level 1 in Throwing
  3386 | D:5      | Reached XP level 8. HP: 83/83 MP: 7/7
  3444 | D:5      | Reached skill level 1 in Armour
  3679 | D:5      | Reached skill level 7 in Unarmed Combat
  3855 | D:5      | Found an ancient bone altar of Kikubaaqudgha.
  3864 | D:5      | Reached **** piety under Trog
  4253 | D:6      | Found a shadowy altar of Dithmenos.
  4423 | D:6      | Found a staircase to the Ecumenical Temple.
  4450 | D:6      | Reached XP level 9. HP: 68/92 MP: 6/8
  4462 | D:6      | Reached skill level 8 in Unarmed Combat
  4695 | D:6      | Noticed Pikel
  4728 | D:6      | Killed Pikel
  4729 | D:6      | Reached skill level 5 in Throwing
  4883 | D:6      | Found a white marble altar of Elyvilon.
  4883 | D:6      | Found a shimmering blue altar of Sif Muna.
  4917 | D:6      | Noticed Menkaure
  4923 | D:6      | Killed Menkaure
  5124 | D:6      | Found a runed translucent door.
  5125 | D:6      | Noticed Crazy Yiuf
  5132 | D:6      | Killed Crazy Yiuf
  5530 | D:7      | Reached skill level 9 in Unarmed Combat
  5602 | D:8      | Reached XP level 10. HP: 51/102 MP: 1/9
  5874 | D:8      | Found a staircase to the Lair.
  6338 | D:8      | Noticed Grum
  6353 | D:8      | Killed Grum
  6558 | D:7      | Found a basalt altar of Yredelemnul.
  6715 | D:7      | Found a hazy altar of Hepliaklqana.
  7878 | D:9      | Reached skill level 10 in Unarmed Combat
  7882 | D:9      | Noticed a gargoyle
  7892 | D:9      | Killed a gargoyle
  7920 | D:9      | Found an iron altar of Okawaru.
  8443 | D:10     | Entered Level 10 of the Dungeon
  8660 | D:10     | Reached ***** piety under Trog
  8802 | D:10     | Reached XP level 11. HP: 114/115 MP: 8/10
  9113 | D:11     | Noticed a centaur warrior
  9132 | D:11     | Killed a centaur warrior
  9135 | D:11     | Reached skill level 11 in Unarmed Combat
  9312 | D:11     | Found a runed translucent door.
  9315 | D:11     | Noticed zhov's ghost (journeyman DsFi)
  9570 | D:11     | Found Feciv's Distillery.
  9582 | D:11     | Bought a potion of brilliance for 68 gold pieces
  9582 | D:11     | Bought a potion of mutation for 136 gold pieces
  9582 | D:11     | Bought a potion of lignification for 51 gold pieces
  9582 | D:11     | Bought a potion of degeneration for 17 gold pieces
  9585 | D:11     | Identified the +5 falchion of the Girdle {protect, rN+}
  9722 | D:11     | Noticed a two-headed ogre
  9730 | D:11     | Killed a two-headed ogre
 10114 | D:11     | Noticed an alligator
 10345 | D:11     | Killed zhov's ghost
 10593 | D:12     | Noticed a boulder beetle
 10603 | D:12     | Killed a boulder beetle
 10604 | D:12     | Reached skill level 5 in Armour
 10626 | D:12     | Noticed a deep elf pyromancer
 10627 | D:12     | Noticed Sonja
 10637 | D:12     | HP: 1/117 [deep elf pyromancer/bolt of fire (19)]
 10638 | D:12     | Succumbed to Sonja's poison

Illustrated notes

Levels and vault maps discovered:
D:1:      matt_arrival_los_fun, layout_basic, minmay_splitting_lines,
          minmay_pentomino_o4
D:2:      layout_basic, shapermc_ecumenical_altar_mp_vishouse,
          nicolae_eternal_life
D:3:      layout_rooms, lemuel_tele_altar, minmay_misc_feat_rows, uniq_jessica,
          uniq_sigmund
D:4:      layout_gridville
D:5:      layout_basic, marbit_many_paths, st_stairs_8
D:6:      layout_loops_ring, kennysheep_mini_moat,
          nicolae_overflow_two_pavilions, minmay_temple_entry_statues_pillars,
          minmay_misc_feat_pillars, uniq_pikel, uniq_crazy_yiuf_cottage,
          uniq_menkaure
D:7:      layout_layer_cave, nicolae_overflow_crystal_walls,
          nzn_hepliaklqana_mist_gate, enter_bailey_5
D:8:      layout_basic, lair_entry_dummy, sword_in_stone, uniq_grum
D:9:      layout_loops_ring, okawaru_metal_pillars_1_2, minmay_misc_feat_tiny
D:10:     layout_cave_pools
D:11:     layout_basic, serial_shops, nicolae_diamond_shop,
          ebering_ghost_inner_flame
D:12:     layout_basic, nicolae_yredelemnul_corpse_copse, uniq_sonja

Skill      XL: |  1  2  3  4  5  6  7  8  9 10 11 |
---------------+----------------------------------+-----
Fighting       | 3 4 5 6 7 9 |  9.9
Dodging        | 3 |  3.0
Unarmed Combat | 5 6 7 9 10 11 | 11.6
Throwing       | 2 3 5 7 8 |  8.0
Armour         | 2 3 5 |  5.0

Action                   |  1- 3 |  4- 6 |  7- 9 | 10-12 || total
-------------------------+-------+-------+-------+-------++-------
Melee: Unarmed           |    79 |   146 |   220 |   321 ||   766
       Punch             |       |     4 |     9 |    20 ||    33
Throw: Boomerang         |       |       |     5 |    97 ||   102
       Javelin           |       |       |       |     3 ||     3
Invok: Trog's Hand       |     1 |       |     3 |     7 ||    11
       Berserk           |       |     3 |     4 |     4 ||    11
       Brothers in Arms  |       |       |     1 |       ||     1
  Use: Scroll            |       |       |       |     2 ||     2
 Stab: Sleeping          |       |     1 |       |       ||     1
Armor: Animal skin       |    23 |    59 |    69 |     4 ||   155
       Steam dragon scal |       |       |       |   172 ||   172
Dodge: Dodged            |    44 |    70 |    90 |   145 ||   349
Block: Other             |       |       |       |    27 ||    27
       Reflection        |       |       |       |     7 ||     7

Table legend: (Time is in decaauts)
 A = Elapsed time spent in this place.
 B = Non-inter-level travel time spent in this place.
 C = Inter-level travel time spent in this place.
 D = Time resting spent in this place.
 E = Time spent auto-exploring this place.
 F = Levels seen in this place.
 G = Mean time per level.
                   A        B        C        D        E       F      G
               +--------+--------+--------+--------+--------+-----+--------+
         Total |  10661 |  10401 |    260 |   1835 |   6750 |  12 |  888.4 |
       Dungeon |  10661 |  10401 |    260 |   1835 |   6750 |  12 |  888.4 |
               +--------+--------+--------+--------+--------+-----+--------+

Top non-repeatable levels by time:
    D:11: 1476 daAuts
     D:6: 1342 daAuts
     D:7: 1205 daAuts
     D:8: 1194 daAuts
     D:5: 1043 daAuts
     D:2: 859 daAuts
     D:1: 753 daAuts
     D:9: 750 daAuts
     D:3: 695 daAuts
     D:4: 609 daAuts
    D:10: 609 daAuts
    D:12: 122 daAuts
